Map: Dragon Scales LE

Players

Æthelflæd

  • Race: Terran Terran
  • League: Master
  • Spawn Location: 11:00

Maldryl - Winner!

  • Race: Zerg Zerg
  • League: Diamond
  • Spawn Location: 5:00

VOD

Have the link to the VOD?

Description

Time

  • Played on: May 12, 2023, 1:46 p.m.
  • Length: 6:05
Show
View Real Time Build Order
Export as new Build Order

Æthelflæd Terran 

Build Orders: Reaper Expand, Hellion Banshee 

Get SALT Encoding   

  12  0:00  SCV  
  13  0:12  SCV  
  14  0:16  Supply Depot  
  14  0:24  SCV  
  15  0:38  SCV  
  15  0:39  Barracks  
  15  0:42  Refinery  
  16  0:50  SCV  
  17  1:03  SCV  
  18  1:16  SCV  
  19  1:27  Reaper  
  19  1:28  Orbital Command  
  20  1:39  Command Center  
  20  1:49  Supply Depot  
  20  1:54  SCV  
  20  1:59  Marine  
  22  2:06  SCV  
  23  2:12  Factory  
  23  2:18  SCV  
  23  2:21  Barracks Reactor  
  24  2:31  SCV  
  25  2:38  Command Center  
  25  2:43  SCV  
  26  2:52  Orbital Command  
  26  2:55  SCV  
  27  3:00  Starport  
  27  3:07  SCV  
  32  3:12  Hellion  
  32  3:13  Hellion  
  32  3:19  SCV, Barracks Tech Lab  
  33  3:20  Refinery  
  33  3:21  SCV  
  34  3:32  Bunker, SCV  
  35  3:39  Hellion  
  35  3:40  Hellion  
  35  3:41  SCV  
  40  3:45  SCV  
  40  3:46  Banshee  
  43  3:56  Marine  
  43  4:00  Orbital Command  
  44  4:04  Cloaking Field  
  44  4:09  Hellion  
  48  4:10  Hellion  
  48  4:15  Supply Depot  
  44  4:36  SCV x2  
  40  4:39  Marine, Banshee  
  43  4:52  SCV x2  
  41  4:56  SCV  
  39  5:12  Supply Depot  
  39  5:13  SCV  
  39  5:14  SCV x2  
  42  5:33  SCV x2  
  42  5:34  SCV  
  39  5:44  Factory Tech Lab  
  39  5:45  Factory Reactor  
  37  5:51  Barracks  
  37  5:52  SCV x3  
  37  5:53  Barracks  
  37  5:54  Barracks  
  37  5:56  Barracks, Refinery  
  40  5:57  Refinery  
Show
View Real Time Build Order
Export as new Build Order

Maldryl Zerg - Winner!

Build Orders: Hatch First 

Get SALT Encoding   

  12  0:00  Drone  
  13  0:12  Overlord  
  13  0:16  Drone  
  14  0:30  Drone x2  
  16  0:49  Hatchery  
  15  0:52  Drone  
  15  0:55  Drone  
  17  0:59  Drone  
  18  1:09  Extractor  
  17  1:14  Spawning Pool  
  17  1:17  Drone  
  17  1:20  Drone  
  18  1:27  Drone  
  19  1:38  Drone  
  20  1:49  Drone  
  23  2:01  Queen x2, Zergling x4  
  27  2:10  Overlord  
  27  2:12  Drone  
  28  2:16  Roach Warren  
  28  2:21  Drone  
  27  2:30  Drone  
  28  2:41  Drone x2  
  30  2:44  Overlord x2  
  30  2:54  Drone  
  31  3:00  Roach  
  33  3:11  Roach x5  
  43  3:19  Roach x2  
  47  3:24  Roach  
  47  3:26  Ravager  
  50  3:32  Drone x2  
  52  3:37  Overlord  
  52  3:54  Queen  
  54  3:56  Hatchery  
  54  4:01  Drone x4  
  57  4:06  Drone x2  
  57  4:09  Metabolic Boost  
  59  4:19  Drone  
  56  4:34  Drone x4  
  58  4:50  Zergling x12  
  51  5:03  Queen x2, Spore Crawler x2  
  53  5:09  Roach x6  
  53  5:10  Spore Crawler  
  53  5:13  Queen  
  66  5:19  Overlord x2  
  61  5:43  Drone x2  
  61  5:44  Drone x13  
  76  6:01  Baneling Nest  
Tags
 
Add a new tag
Caveats
  • Supply blocks, unpowered buildings, or Contaminate may cause inaccurate times.
  • Supply counts are checked every 10 seconds.